 Dungeon Crawl Stone Soup version 0.30.0-29-ga12c61a403 (webtiles) character file.

Game seed: 17417551098713537672

357 RascalDebosk the Magician (level 6, -6/42 HPs)
             Began as a Djinni Conjurer on June 4, 2023.
             Mangled by Duvessa
             ... wielding a +0 short sword of flaming
              (9 damage)
             ... on level 4 of the Dungeon.
             The game lasted 00:18:28 (2484 turns).

RascalDebosk the Magician (Djinni Conjurer)         Turns: 2484, Time: 00:18:29

Health: -6/42      AC:  2    Str:  6    XL:     6   Next: 96%
Gold:   104        EV: 12    Int: 27    God:
                   SH:  0    Dex: 12

rFire   + + .        s - +2 dagger (venom)
rCold   x . .        (no shield)
rNeg    . . .        a - +0 robe
rPois   ∞            (no helmet)
rElec   .            (no cloak)
rCorr   .            (no gloves)
SInv    .            (boots unavailable)
Will    .....        (no amulet)
Stlth   ++           i - +6 ring of intelligence
HPRegen 0.27/turn    (no ring)
MPRegen 0.00/turn

%: infuse magic (-7 HP)
@: flying, very slightly contaminated
A: sickness immunity, fire resistance 2, cold vulnerability 1, float, innate
caster, HP casting, extra vitality 1
a: no special abilities


You were on level 4 of the Dungeon.
You visited 1 branch of the dungeon, and saw 4 of its levels.

You collected 104 gold pieces.

Inventory:

Hand Weapons
 o - a +0 falchion
 s - a +2 dagger of venom (weapon)
Armour
 a - a +0 robe (worn)
Jewellery
 i - a +6 ring of intelligence (left hand)
 p - a ring of ice
Wands
 m - a wand of light (8)
Scrolls
 b - a scroll of torment {unknown}
 e - 4 scrolls of identify {unknown}
 f - 2 scrolls of amnesia {unknown}
 g - a scroll of vulnerability {unknown}
 k - a scroll of enchant armour {unknown}
 l - a scroll of immolation {unknown}
 q - 2 scrolls of teleportation {unknown}
 r - a scroll of poison {unknown}
Potions
 c - 3 potions of brilliance {unknown}
 d - a potion of berserk rage {unknown}
 h - 3 potions of flight {unknown}
 j - a potion of mutation {unknown}
 n - a potion of attraction {unknown}
 t - a potion of curing {unknown}


   Skills:
 + Level 1.4 Fighting
 - Level 2.1 Dodging
 - Level 1.5 Stealth
 * Level 4.8 Spellcasting
 - Level 4.0 Evocations


You knew the following spells:

 Your Spells              Type           Power      Damage    Failure   Level
a - Magic Dart            Conj           100%       1d8       1%          1
b - Searing Ray           Conj           64%        2d6       1%          2
c - Dazzling Flash        Conj/Hex       64%        N/A       3%          3
d - Fulminant Prism       Conj/Hex       16%        3d11      10%         4
e - Iskenderun's Mystic   Conj/Tloc      32%        2d8       10%         4
f - Foxfire               Conj/Fire      100%       2x1d9     1%          1
g - Momentum Strike       Conj/Tloc      64%        3d9       1%          2
Your spell library was empty.

Dungeon Overview and Level Annotations

Branches:
Dungeon (4/15)
 Temple: D:4-7

Altars:

Annotations:
D:4 Duvessa


Innate Abilities, Weirdness & Mutations

You are immune to sickness and miasma.
You are immune to poison.
Your flesh is very heat resistant. (rF++)
You are vulnerable to cold. (rC-)
You float through the air rather than walking.
You learn spells naturally, not from books.
Your magical power is your life essence.
You have superior vitality. (+4 MHP)


Message History

You conjure some foxfire!
The foxfire hits Dowan.
Dowan is heavily wounded.
There is a stone staircase leading up here.
Casting: Foxfire (safe; 1% risk of failure)
Confirm with . or Enter, or press ? or * to list all spells.
The spell is quite dangerous to miscast (11% risk of failure)!
Continue anyway?
Aiming: Fulminant Prism (quite dangerous; 11% risk of failure)
Press: ? - help, Dir - move target You conjure a prism of explosive energy!
A fulminant prism comes into view.
The foxfire hits Duvessa.
Duvessa is lightly wounded.
Casting: Fulminant Prism (quite dangerous; 11% risk of failure)
Confirm with . or Enter, or press ? or * to list all spells.
The spell is quite dangerous to miscast (11% risk of failure)!
Continue anyway?
You erupt in a blast of force!
The mystic blast hits Duvessa but does no damage.
Duvessa is lightly wounded.
You hear an angry hiss.
Your fulminant prism crackles loudly.
Dowan hits your fulminant prism with a +0 dagger.
Casting: Iskenderun's Mystic Blast (quite dangerous; 11% risk of failure)
Confirm with . or Enter, or press ? or * to list all spells.
The spell is quite dangerous to miscast (11% risk of failure)!
Continue anyway?
You erupt in a blast of force!
The mystic blast hits Duvessa.
Duvessa is lightly wounded.
Duvessa is knocked back by the mystic blast.
Duvessa collides with your fulminant prism!
Dowan hits your fulminant prism with a +0 dagger.
Your fulminant prism explodes!
The blast of energy engulfs Dowan!!
You kill Dowan!
Duvessa screams, "No!
How DARE you!"
Duvessa goes berserk!
The blast of energy engulfs Duvessa!
Duvessa is moderately wounded.
You hear an angry hiss.
You hear a shout!
Training target 4.0 for Evocations reached!
Your Evocations skill increases to level 4!
Casting: Iskenderun's Mystic Blast (quite dangerous; 10% risk of failure)
Confirm with . or Enter, or press ? or * to list all spells.
The spell is quite dangerous to miscast (10% risk of failure)!
Continue anyway?
You erupt in a blast of force!
The mystic blast hits Duvessa.
Duvessa is moderately wounded.
Duvessa is knocked back by the mystic blast.
Your magical contamination has completely faded away.
Casting: Iskenderun's Mystic Blast (quite dangerous; 10% risk of failure)
Confirm with . or Enter, or press ? or * to list all spells.
The spell is quite dangerous to miscast (10% risk of failure)!
Continue anyway?
You miscast Iskenderun's Mystic Blast.
You are very lightly contaminated with residual magic.
The air around you crackles with energy.
* * * LOW HITPOINT WARNING * * *
* * * LOW HITPOINT WARNING * * *
Duvessa rages.
You hear an angry hiss.
Casting: Iskenderun's Mystic Blast (quite dangerous; 10% risk of failure)
Confirm with . or Enter, or press ? or * to list all spells.
The spell is quite dangerous to miscast (10% risk of failure)!
Continue anyway?
You erupt in a blast of force!
The mystic blast hits Duvessa!
Duvessa is heavily wounded.
Duvessa is knocked back by the mystic blast.
* * * LOW HITPOINT WARNING * * *
Casting: Iskenderun's Mystic Blast (quite dangerous; 10% risk of failure)
Confirm with . or Enter, or press ? or * to list all spells.
The spell is quite dangerous to miscast (10% risk of failure)!
Continue anyway?
Aiming: Fulminant Prism (quite dangerous; 10% risk of failure)
Press: ? - help, Dir - move target You conjure a prism of explosive energy!
* * * LOW HITPOINT WARNING * * *
A fulminant prism comes into view.
Casting: Fulminant Prism (quite dangerous; 10% risk of failure)
Confirm with . or Enter, or press ? or * to list all spells.
The spell is quite dangerous to miscast (10% risk of failure)!
Continue anyway?
You erupt in a blast of force!
The mystic blast hits Duvessa.
Duvessa is heavily wounded.
Duvessa is knocked back by the mystic blast.
* * * LOW HITPOINT WARNING * * *
Your fulminant prism crackles loudly.
Casting: Iskenderun's Mystic Blast (quite dangerous; 10% risk of failure)
Confirm with . or Enter, or press ? or * to list all spells.
Aiming: Searing Ray (safe; 1% risk of failure)
Press: ? - help, Shift-Dir - straight line, f - Duvessa
Aim: Duvessa, wielding a +0 short sword of flaming and wearing a +0 ring mail (heavily wounded, berserk, fast, ally target, 86% to hit)
The searing ray hits Duvessa but does no damage.
Duvessa is heavily wounded. (Press . to maintain the ray.)
* * * LOW HITPOINT WARNING * * *
Your fulminant prism explodes!
The blast of energy engulfs Duvessa!
Duvessa is almost dead.
The searing ray hits Duvessa but does no damage.
Duvessa is almost dead.
* * * LOW HITPOINT WARNING * * *
Duvessa misses you.
The searing ray hits Duvessa but does no damage.
Duvessa is almost dead.
* * * LOW HITPOINT WARNING * * *
Duvessa hits you with a +0 short sword of flaming!
You die...

# .# ## .#
.#.##
##....#
...####.##
#...e@.#
#..).###..#
##.. #..#
#.. #..# ..
#... . ..##
##


You could see Duvessa (berserk, fast).

Vanquished Creatures
  Sigmund (D:2)
  A scorpion (D:3)
  Dowan (D:4)
  3 adders
  A worm (D:2)
  A dart slug (D:1)
  An orc (D:2)
  5 ball pythons
  6 endoplasms
  6 giant cockroaches
  6 goblins
  2 hobgoblins
  2 jackals (D:1)
  8 kobolds
  3 quokkas
  10 bats
  2 frilled lizards
  5 rats
64 creatures vanquished.

Vanquished Creatures (others)
  15 foxfires
  5 fulminant prisms
20 creatures vanquished.

Grand Total: 84 creatures vanquished

Notes
Turn   | Place    | Note
-------+----------+-------------------------------------------
     0 | D:1      | RascalDebosk the Djinni Conjurer began the quest for the
                  | Orb.
     0 | D:1      | RascalDebosk set off with the following spells memorised:
                  | Magic Dart, Searing Ray, Dazzling Flash, Fulminant Prism,
                  | Iskenderun's Mystic Blast.
     0 | D:1      | Reached XP level 1. HP: 15/15 MP: 0/0
   133 | D:1      | Reached XP level 2. HP: 15/21 MP: 0/0
   342 | D:1      | Reached XP level 3. HP: 22/25 MP: 0/0
   342 | D:1      | Learned a level 1 spell: Foxfire
   985 | D:2      | Reached XP level 4. HP: 26/31 MP: 0/0
  1178 | D:2      | Identified the +1 plate armour of Mivoplen {-Tele rPois
                  | rN+}
  1319 | D:2      | Noticed Sigmund
  1418 | D:2      | Killed Sigmund
  1419 | D:2      | Reached XP level 5. HP: 20/35 MP: 0/0
  1419 | D:2      | Learned a level 2 spell: Momentum Strike
  1419 | D:2      | Reached XP level 6. HP: 23/40 MP: 0/0
  2219 | D:3      | Reached skill level 1 in Fighting
  2468 | D:4      | Noticed Dowan
  2469 | D:4      | Noticed Duvessa
  2476 | D:4      | Killed Dowan
  2484 | D:4      | Mangled by Duvessa

Illustrated notes

Levels and vault maps discovered:
D:1:      lightli_arrival_noodles, layout_loops_ring
D:2:      layout_basic, uniq_sigmund
D:3:      layout_loops_ring, grunt_decor_arrowhead
D:4:      kennysheep_spiral_hall, layout_layer_cave, gup_sewer_entry_glass,
          uniq_duvessa, uniq_crazy_yiuf_cottage

Skill      XL: |  1  2  3  4  5  6 |
---------------+-------------------+-----
Spellcasting   | 4 |  4.8
Evocations     | 3 4 |  4.0
Fighting       | 1 |  1.4
Dodging        | |  2.1
Stealth        | |  1.5

Action                     |  1- 3 |  4- 6 || total
---------------------------+-------+-------++-------
  Melee: Dagger            |     9 |    29 ||    38
   Cast: Magic Dart        |    54 |    22 ||    76
         Foxfire           |     5 |     4 ||     9
         Searing Ray       |     4 |     5 ||     9
         Fulminant Prism   |       |     5 ||     5
         Iskenderun's Myst |       |     6 ||     6
   Stab: Sleeping          |     2 |     2 ||     4
 Armour: Robe              |     8 |     4 ||    12
  Dodge: Dodged            |    12 |    15 ||    27
